General information
			
			
        
        - name: BNet
 
        - type: Ladder team game (AT/RT)
 
        - host: Battle.net
 
        - saver: TALONSAREIMBA
 
        
map: FullScaleAssault 
        - players: 8
 
        - length: 27:18
 
        - speed: Fast
 - version: 1.22 W3XP
 - replay type:  Public
 
» download(243 KB)
Players
        team 1 (loser) 
              
              
» 
LH-A12THAS (
green | 128 APM | 3470 actions | 27:10)
              
 6 Blademaster 
 3 Wind Walk
 2 Critical Strike
 1 Bladestorm
 5 Shadow Hunter 
 2 Hex
 3 Healing Wave
 
                » actions 
                
                | Assign group hotkey | 30 |  | 
| Basic commands | 39 |  | 
| Build / train | 92 |  | 
| Enter build submenu | 30 |  | 
| Enter hero's abilities submenu | 11 |  | 
| Give item / drop item | 5 |  | 
| Remove unit from queue | 3 |  | 
| Right click | 1375 |  | 
| Select / deselect | 639 |  | 
| Select group hotkey | 1084 |  | 
| Use ability | 162 |  | 
                3470 total
 » units 
                
                | Peon | 13 |  | 
| Grunt | 6 |  | 
| Spirit Walker | 3 |  | 
| Troll Witch Doctor | 5 |  | 
| Tauren | 5 |  | 
| Shaman | 6 |  | 
| Troll Batrider | 14 |  | 
                52 total
 » upgrades
                
                | Berserker Strength | 1 |  | 
| Pillage | 0 |  | 
| Witch Doctor Training | 2 |  | 
| Shaman Training | 2 |  | 
| Pulverize | 1 |  | 
| Armor | 1 |  | 
| Melee Weapons | 1 |  | 
| Reinforced Defenses | 1 |  | 
                9 total
 » buildings
                
                | Altar of Storms | 1 |  | 
| Orc Burrow | 9 |  | 
| Barracks | 1 |  | 
| Voodoo Lounge | 1 |  | 
| Stronghold | 2 |  | 
| Spirit Lodge | 2 |  | 
| War Mill | 1 |  | 
| Fortress | 2 |  | 
| Great Hall | 2 |  | 
| Tauren Totem | 2 |  | 
| Watch Tower | 4 |  | 
| Beastiary | 2 |  | 
                29 total
 » build order
                00:24 Altar of Storms
00:29 Orc Burrow
00:45 Barracks
01:48 Orc Burrow
02:44 Voodoo Lounge
03:08 Stronghold
03:49 Orc Burrow
04:06 Orc Burrow
05:07 Orc Burrow
05:36 Spirit Lodge
05:39 War Mill
06:17 Orc Burrow
06:50 Fortress
08:56 Spirit Lodge
09:04 Great Hall
09:54 Tauren Totem
09:58 Tauren Totem
10:06 Orc Burrow
12:37 Orc Burrow
16:09 Orc Burrow
19:33 Watch Tower
19:38 Watch Tower
21:09 Beastiary
21:12 Watch Tower
21:17 Watch Tower
22:24 Great Hall
24:03 Beastiary
» items
                
                | Healing Salve | 4 |  | 
| Lesser Clarity Potion | 2 |  | 
| Scroll of Speed | 1 |  | 
| Scroll of Town Portal | 1 |  | 
                8 total
  
               
              
              
Lviv (
purple | 54 APM | 1457 actions | 27:05)
              
 4 Priestess of the Moon 
 2 Searing Arrows
 2 Trueshot Aura
 4 Goblin Alchemist 
 2 Chemical Rage
 2 Acid Bomb
 
                » actions 
                
                | Basic commands | 42 |  | 
| Build / train | 65 |  | 
| Enter build submenu | 21 |  | 
| Enter hero's abilities submenu | 8 |  | 
| Right click | 796 |  | 
| Select / deselect | 461 |  | 
| Use ability | 64 |  | 
                1457 total
 » units 
                
                | Wisp | 16 |  | 
| Hippogryph | 14 |  | 
| Chimaera | 18 |  | 
                48 total
 » upgrades
                
                | Strength of the Wild | 3 |  | 
| Reinforced Hides | 1 |  | 
| Corrosive Breath | 1 |  | 
                5 total
 » buildings
                
                | Altar of Elders | 3 |  | 
| Moon Well | 7 |  | 
| Hunter's Hall | 1 |  | 
| Tree of Ages | 1 |  | 
| Tree of Eternity | 1 |  | 
| Ancient of Wind | 1 |  | 
| Chimaera Roost | 2 |  | 
| Tree of Life | 2 |  | 
| Ancient Protector | 2 |  | 
                20 total
 » build order
                00:18 Altar of Elders
00:20 Altar of Elders
00:31 Moon Well
01:32 Hunter's Hall
02:00 Moon Well
02:41 Tree of Ages
03:01 Moon Well
04:10 Moon Well
05:05 Tree of Eternity
05:08 Ancient of Wind
06:25 Moon Well
07:30 Chimaera Roost
07:32 Chimaera Roost
07:53 Tree of Life
13:00 Moon Well
13:44 Moon Well
20:58 Ancient Protector
21:05 Ancient Protector
23:18 Altar of Elders
25:22 Tree of Life
 
               
              
              
LW-tha_racOOn (
yellow | 50 APM | 1364 actions | 27:04)
              
 6 Death Knight 
 3 Death Coil
 2 Unholy Aura
 1 Animate Dead
 2 Lich 
 1 Frost Nova
 1 Frost Armor
 
                » actions 
                
                | Assign group hotkey | 22 |  | 
| Basic commands | 42 |  | 
| Build / train | 66 |  | 
| ESC pressed | 7 |  | 
| Enter build submenu | 23 |  | 
| Enter hero's abilities submenu | 8 |  | 
| Give item / drop item | 4 |  | 
| Right click | 553 |  | 
| Select / deselect | 272 |  | 
| Select group hotkey | 285 |  | 
| Use ability | 82 |  | 
                1364 total
 » units 
                
                | Acolyte | 16 |  | 
| Ghoul | 3 |  | 
| Crypt Fiend | 12 |  | 
| Frost Wyrm | 9 |  | 
                40 total
 » upgrades
                
                | Creature Attack | 2 |  | 
| Creature Carapace | 1 |  | 
| Web | 1 |  | 
                4 total
 » buildings
                
                | Crypt | 1 |  | 
| Graveyard | 1 |  | 
| Ziggurat | 10 |  | 
| Altar of Darkness | 1 |  | 
| Nerubian Tower | 1 |  | 
| Tomb of Relics | 1 |  | 
| Halls of the Dead | 1 |  | 
| Necropolis | 1 |  | 
| Black Citadel | 1 |  | 
| Spirit Tower | 1 |  | 
| Sacrificial Pit | 1 |  | 
| Boneyard | 3 |  | 
                23 total
 » build order
                00:12 Crypt
00:15 Graveyard
00:28 Ziggurat
00:48 Altar of Darkness
01:13 Ziggurat
01:40 Nerubian Tower
02:17 Tomb of Relics
03:14 Ziggurat
05:55 Halls of the Dead
06:01 Ziggurat
07:32 Ziggurat
07:36 Necropolis
07:39 Ziggurat
07:40 Ziggurat
09:07 Black Citadel
10:29 Spirit Tower
11:35 Sacrificial Pit
12:47 Boneyard
12:55 Boneyard
13:08 Boneyard
15:25 Ziggurat
15:27 Ziggurat
16:01 Ziggurat
» items
                
                | Rod of Necromancy | 1 |  | 
| Potion of Mana | 3 |  | 
| Orb of Corruption | 2 |  | 
| Potion of Healing | 1 |  | 
| Scroll of Town Portal | 1 |  | 
                8 total
  
               
              
              
PyRO.archer. (
teal | 70 APM | 1912 actions | 27:17)
              
 2 Demon Hunter 
 1 Mana Burn
 1 Evasion
 6 Keeper of the Grove 
 3 Entangling Roots
 2 Thorns Aura
 1 Tranquility
 
                » actions 
                
                | Assign group hotkey | 43 |  | 
| Basic commands | 17 |  | 
| Build / train | 89 |  | 
| Enter build submenu | 21 |  | 
| Enter hero's abilities submenu | 9 |  | 
| Give item / drop item | 1 |  | 
| Remove unit from queue | 10 |  | 
| Right click | 1001 |  | 
| Select / deselect | 422 |  | 
| Select group hotkey | 211 |  | 
| Use ability | 88 |  | 
                1912 total
 » units 
                
                | Wisp | 23 |  | 
| Archer | 4 |  | 
| Druid of the Claw | 4 |  | 
| Dryad | 16 |  | 
| Druid of the Talon | 4 |  | 
| Hippogryph | 7 |  | 
                58 total
 » upgrades
                
                | Strength of the Wild | 2 |  | 
| Druid of the Claw Training | 2 |  | 
| Reinforced Hides | 2 |  | 
| Abolish Magic | 1 |  | 
| Druid of the Talon Training | 2 |  | 
                9 total
 » buildings
                
                | Altar of Elders | 1 |  | 
| Moon Well | 7 |  | 
| Ancient of War | 1 |  | 
| Hunter's Hall | 1 |  | 
| Tree of Ages | 1 |  | 
| Ancient of Wonders | 1 |  | 
| Ancient of Lore | 2 |  | 
| Tree of Life | 3 |  | 
| Tree of Eternity | 1 |  | 
| Ancient of Wind | 1 |  | 
                19 total
 » build order
                00:05 Altar of Elders
00:17 Moon Well
02:09 Ancient of War
02:18 Hunter's Hall
02:22 Moon Well
03:24 Tree of Ages
04:13 Moon Well
05:05 Ancient of Wonders
05:55 Ancient of Lore
05:58 Ancient of Lore
06:46 Tree of Life
08:03 Moon Well
08:08 Tree of Eternity
10:31 Moon Well
11:57 Ancient of Wind
13:11 Moon Well
13:13 Moon Well
15:28 Tree of Life
22:15 Tree of Life
» items
                 
               team 2 (winner) 
              
              
BIGNOSE (
red | 72 APM | 1969 actions | 27:18)
              
 5 Death Knight 
 2 Unholy Aura
 1 Death Coil
 1 Animate Dead
 1 Death Pact
 4 Lich 
 2 Frost Nova
 1 Frost Armor
 1 Death and Decay
 
                » actions 
                
                | Assign group hotkey | 194 |  | 
| Basic commands | 243 |  | 
| Build / train | 56 |  | 
| ESC pressed | 1 |  | 
| Enter build submenu | 13 |  | 
| Enter hero's abilities submenu | 11 |  | 
| Right click | 458 |  | 
| Select / deselect | 299 |  | 
| Select group hotkey | 619 |  | 
| Use ability | 73 |  | 
                1969 total
 » units 
                
                | Acolyte | 4 |  | 
| Ghoul | 6 |  | 
| Goblin Sapper | 4 |  | 
| Frost Wyrm | 5 |  | 
| Crypt Fiend | 1 |  | 
| Obsidian Statue | 5 |  | 
| Gargoyle | 8 |  | 
                33 total
 » upgrades
                
                | Creature Carapace | 1 |  | 
| Creature Attack | 1 |  | 
| Destroyer Form | 1 |  | 
| Freezing Breath | 1 |  | 
                4 total
 » buildings
                
                | Altar of Darkness | 1 |  | 
| Ziggurat | 2 |  | 
| Graveyard | 3 |  | 
| Crypt | 2 |  | 
| Nerubian Tower | 1 |  | 
| Spirit Tower | 5 |  | 
| Necropolis | 1 |  | 
                15 total
 » build order
                00:15 Altar of Darkness
00:17 Ziggurat
00:26 Graveyard
00:29 Crypt
00:31 Graveyard
00:35 Graveyard
00:51 Ziggurat
01:13 Nerubian Tower
02:14 Spirit Tower
02:14 Spirit Tower
02:14 Spirit Tower
02:14 Spirit Tower
12:31 Necropolis
15:35 Crypt
» items
                 
               
              
              
TALONSAREIMBA (
orange | 125 APM | 3422 actions | 27:18)
              
 9 Tauren Chieftain 
 3 Shockwave
 3 Endurance Aura
 1 Reincarnation
 2 War Stomp
 4 Pandaren Brewmaster 
 2 Breath of Fire
 2 Drunken Haze
 
                » actions 
                
                | Assign group hotkey | 39 |  | 
| Basic commands | 268 |  | 
| Build / train | 96 |  | 
| ESC pressed | 6 |  | 
| Enter build submenu | 20 |  | 
| Enter hero's abilities submenu | 14 |  | 
| Give item / drop item | 1 |  | 
| Right click | 1438 |  | 
| Select / deselect | 741 |  | 
| Select group hotkey | 688 |  | 
| Use ability | 111 |  | 
                3422 total
 » units 
                
                | Peon | 20 |  | 
| Grunt | 4 |  | 
| Raider | 3 |  | 
| Wind Rider | 13 |  | 
                40 total
 » upgrades
                
                | Ensnare | 1 |  | 
| Ranged Weapons | 3 |  | 
| Envenomed Spears | 1 |  | 
| Armor | 3 |  | 
| Reinforced Defenses | 1 |  | 
                9 total
 » buildings
                
                | Altar of Storms | 1 |  | 
| Orc Burrow | 5 |  | 
| Barracks | 1 |  | 
| Voodoo Lounge | 2 |  | 
| War Mill | 1 |  | 
| Stronghold | 1 |  | 
| Great Hall | 5 |  | 
| Beastiary | 2 |  | 
| Fortress | 2 |  | 
| Watch Tower | 2 |  | 
                22 total
 » build order
                00:05 Altar of Storms
00:07 Orc Burrow
00:42 Barracks
01:40 Orc Burrow
02:10 Voodoo Lounge
03:10 War Mill
03:37 Stronghold
04:32 Great Hall
04:51 Orc Burrow
06:35 Beastiary
06:37 Beastiary
06:54 Fortress
06:54 Fortress
10:40 Orc Burrow
17:57 Orc Burrow
19:15 Watch Tower
19:25 Great Hall
20:20 Great Hall
21:23 Watch Tower
23:15 Voodoo Lounge
23:30 Great Hall
25:40 Great Hall
» items
                
                | Healing Salve | 4 |  | 
| Lesser Clarity Potion | 7 |  | 
| Boots of Speed | 2 |  | 
| Tiny Great Hall | 1 |  | 
| Orb of Lightning | 2 |  | 
| Scroll of Town Portal | 6 |  | 
| Potion of Mana | 1 |  | 
| Potion of Healing | 1 |  | 
                24 total
  
               
              
              
WateRBeaR (
pink | 61 APM | 942 actions | 15:21)
              
 3 Death Knight 
 2 Death Coil
 1 Unholy Aura
 2 Lich 
 1 Frost Nova
 1 Frost Armor
 
                » actions 
                
                | Assign group hotkey | 12 |  | 
| Basic commands | 1 |  | 
| Build / train | 50 |  | 
| Enter build submenu | 23 |  | 
| Enter hero's abilities submenu | 5 |  | 
| Give item / drop item | 1 |  | 
| Right click | 498 |  | 
| Select / deselect | 274 |  | 
| Select group hotkey | 41 |  | 
| Use ability | 37 |  | 
                942 total
 » units 
                
                | Acolyte | 13 |  | 
| Ghoul | 3 |  | 
| Crypt Fiend | 9 |  | 
| Frost Wyrm | 5 |  | 
                30 total
 » upgrades
                
                | Web | 1 |  | 
| Creature Attack | 1 |  | 
| Creature Carapace | 1 |  | 
| Burrow | 1 |  | 
                4 total
 » buildings
                
                | Graveyard | 1 |  | 
| Crypt | 1 |  | 
| Altar of Darkness | 1 |  | 
| Ziggurat | 10 |  | 
| Tomb of Relics | 1 |  | 
| Nerubian Tower | 1 |  | 
| Halls of the Dead | 1 |  | 
| Spirit Tower | 1 |  | 
| Black Citadel | 1 |  | 
| Sacrificial Pit | 1 |  | 
| Boneyard | 2 |  | 
| Slaughterhouse | 1 |  | 
                22 total
 » build order
                00:11 Graveyard
00:18 Crypt
00:42 Altar of Darkness
00:58 Ziggurat
01:15 Tomb of Relics
01:44 Ziggurat
01:45 Ziggurat
01:55 Nerubian Tower
02:34 Halls of the Dead
03:24 Ziggurat
03:52 Ziggurat
04:28 Spirit Tower
05:16 Black Citadel
05:32 Sacrificial Pit
05:37 Ziggurat
05:39 Ziggurat
07:06 Ziggurat
07:39 Boneyard
07:56 Boneyard
11:20 Ziggurat
12:33 Ziggurat
15:13 Slaughterhouse
» items
                
                | Rod of Necromancy | 1 |  | 
| Dust of Appearance | 1 |  | 
| Potion of Healing | 1 |  | 
| Scroll of Town Portal | 1 |  | 
| Orb of Corruption | 1 |  | 
                5 total
  
               
              
              
Xeo. (
blue | 63 APM | 1723 actions | 27:18)
              
 6 Priestess of the Moon 
 3 Trueshot Aura
 2 Searing Arrows
 1 Starfall
 4 Dark Ranger 
 2 Silence
 1 Life Drain
 1 Black Arrow
 
                » actions 
                
                | Assign group hotkey | 36 |  | 
| Basic commands | 24 |  | 
| Build / train | 79 |  | 
| ESC pressed | 1 |  | 
| Enter build submenu | 25 |  | 
| Enter hero's abilities submenu | 10 |  | 
| Give item / drop item | 3 |  | 
| Right click | 1017 |  | 
| Select / deselect | 313 |  | 
| Select group hotkey | 136 |  | 
| Use ability | 79 |  | 
                1723 total
 » units 
                
                | Wisp | 22 |  | 
| Huntress | 2 |  | 
| Hippogryph | 17 |  | 
| Chimaera | 9 |  | 
                50 total
 » upgrades
                
                | Corrosive Breath | 1 |  | 
| Strength of the Wild | 3 |  | 
| Reinforced Hides | 3 |  | 
| Well Spring | 1 |  | 
                8 total
 » buildings
                
                | Altar of Elders | 1 |  | 
| Moon Well | 10 |  | 
| Hunter's Hall | 1 |  | 
| Ancient of War | 2 |  | 
| Tree of Ages | 1 |  | 
| Tree of Life | 1 |  | 
| Ancient of Wind | 2 |  | 
| Tree of Eternity | 1 |  | 
| Chimaera Roost | 3 |  | 
| Ancient of Wonders | 1 |  | 
| Ancient Protector | 4 |  | 
                27 total
 » build order
                00:25 Altar of Elders
00:27 Moon Well
01:17 Hunter's Hall
01:47 Ancient of War
02:10 Ancient of War
02:23 Moon Well
02:49 Moon Well
03:00 Moon Well
03:45 Tree of Ages
05:36 Tree of Life
06:15 Ancient of Wind
06:17 Tree of Eternity
06:22 Moon Well
06:23 Moon Well
06:56 Moon Well
08:48 Chimaera Roost
08:49 Chimaera Roost
08:52 Chimaera Roost
10:28 Moon Well
10:51 Ancient of Wonders
10:53 Moon Well
15:06 Ancient of Wind
16:00 Moon Well
20:53 Ancient Protector
21:19 Ancient Protector
21:20 Ancient Protector
21:23 Ancient Protector
» items
                
                | Scroll of Town Portal | 1 |  | 
| Orb of Venom | 1 |  | 
| Anti-magic Potion | 1 |  | 
| Potion of Healing | 4 |  | 
                7 total
  
                Chat log
          (00:05 / Allies) BIGNOSE: ANDY
(00:11 / Allies) BIGNOSE: LEAVE NOW SO I CAN FEED U AND USE U
(00:34 / All) Xeo.: hola
(00:36 / Allies) TALONSAREIMBA: u know crueljustice fix
(00:38 / All) Xeo.: como esta bitches?!?
(00:42 / All) LW-tha_racOOn: gl hf gentlemens
(00:48 / Allies) TALONSAREIMBA: he wants to 4's
(00:50 / All) Xeo.: clan olth reppin
(00:52 / All) Xeo.: tehe
(00:57 / All) Lviv: eh?
(00:58 / All) PyRO.archer.: u kno it
(00:59 / All) Lviv: clan olth
(01:00 / All) Lviv: those noobs
(01:01 / All) Lviv: !
(01:02 / All) TALONSAREIMBA: 19-23 rt
(01:02 / All) Lviv: bah
(01:05 / All) TALONSAREIMBA: ?stats puro.archer
(01:09 / All) TALONSAREIMBA: noob statz
(01:14 / All) PyRO.archer.: thanks
(01:21 / All) LH-A12THAS: oj
(01:22 / All) LH-A12THAS: play
(01:36 / All) TALONSAREIMBA: U will lose
(01:42 / All) LH-A12THAS: kk
(01:43 / All) LH-A12THAS: glgl
(01:47 / All) Lviv: i play for fun
(01:48 / All) TALONSAREIMBA: canceled my hero twice
(01:49 / All) Lviv: sounds good
(01:50 / All) TALONSAREIMBA: dont lose
(02:32 / Allies) BIGNOSE: BECAUSE
(02:33 / Allies) BIGNOSE: IM
(02:34 / Allies) BIGNOSE: GONNA
(02:35 / Allies) BIGNOSE: USE U
(02:36 / Allies) BIGNOSE: WHEN U LEAVE
(02:44 / Allies) BIGNOSE: BECAUSE UR LEAVING
(02:51 / Allies) BIGNOSE: THX CHUCK
(03:13 / Allies) BIGNOSE: THIS CAN BE WOOD HQ
(03:45 / Allies) BIGNOSE: LEAVE WHEN U NEED TO
(05:20 / Allies) Xeo.: hunt or chims?
(06:48 / Allies) TALONSAREIMBA: no spos!!
(07:58 / Allies) TALONSAREIMBA: uh oh
(09:48 / Allies) BIGNOSE: TALONS OWNS
(10:31 / Allies) BIGNOSE: XD
(11:34 / Allies) TALONSAREIMBA: round 2
(12:02 / Allies) BIGNOSE: HIPPO
(12:05 / Allies) BIGNOSE: BATS
(12:55 / All) TALONSAREIMBA: u ok yellow
(13:38 / Allies) TALONSAREIMBA: lmao
(13:58 / All) TALONSAREIMBA: well 
(14:00 / All) TALONSAREIMBA: time to leave
(14:51 / Allies) BIGNOSE: OUT
(14:57 / All) PyRO.archer.: time u stfu
(15:07 / Allies) BIGNOSE: MAKE SLAUGHTER
(15:08 / Allies) BIGNOSE: HOUSES
(15:11 / Allies) BIGNOSE: AND CRYPTS
(15:24 / All) LH-A12THAS: gg
(15:27 / All) LH-A12THAS: olth repp
(15:37 / All) LH-A12THAS: stats us
(15:39 / All) LH-A12THAS: fucks
(15:41 / All) TALONSAREIMBA: U didnt win
(15:48 / All) LH-A12THAS: kk
(16:06 / Allies) TALONSAREIMBA: sacing u fix
(16:51 / All) TALONSAREIMBA: tp
(17:32 / Allies) BIGNOSE: GO
(18:55 / All) TALONSAREIMBA: click it
(18:55 / All) TALONSAREIMBA: lmao
(19:11 / All) TALONSAREIMBA: Wut just happened?1
(19:36 / Allies) BIGNOSE: XD
(19:48 / Allies) BIGNOSE: GOLD RED
(19:53 / Allies) TALONSAREIMBA: let me tp
(19:59 / Allies) BIGNOSE: GOLD RED
(20:37 / Allies) BIGNOSE: MAINZOR IT
(21:42 / Allies) BIGNOSE: 3V4 WIN
(22:12 / Allies) BIGNOSE: CHUCK
(22:16 / Allies) BIGNOSE: LET ME HEAR JAMES BLUNT
(23:10 / Allies) TALONSAREIMBA: lvl 8 tc
(24:16 / Allies) BIGNOSE: GOLD RED
(24:30 / Allies) BIGNOSE: 50 MORE
(25:25 / All) TALONSAREIMBA: leave
(26:41 / All) TALONSAREIMBA: holy shit
(26:42 / All) TALONSAREIMBA: my tc is 9
(26:53 / All) Lviv: gg mate
(27:12 / All) Xeo.: arthas
(27:15 / All) Xeo.: it's javelin
(27:17 / All) Xeo.: gg